 Dungeon Crawl Stone Soup version 0.28.0-53-g5a82cb258f (webtiles) character file.

Game seed: 17801058454972583169

132 safid the Chopper (level 5, -2/46 HPs)
             Began as a Hill Orc Fighter on July 10, 2022.
             Succumbed to Eustachio's poison
             ... on level 6 of the Dungeon.
             The game lasted 00:02:47 (2441 turns).

safid the Chopper (Hill Orc Fighter)                Turns: 2441, Time: 00:02:48

Health: -2/46      AC:  8    Str: 21      XL:     5   Next: 15%
Magic:  5/5        EV:  9    Int:  8      God:
Gold:   41         SH:  4    Dex:  8 (10) Spells: 4/4 levels left

rFire   . . .      SeeInvis .   j - +5 flail of Enics {venom, +Blink}
rCold   . . .      Faith    .   c - +0 buckler
rNeg    . . .      Spirit   .   b - +0 scale mail
rPois   .          Reflect  .   h - +0 helmet
rElec   .          Harm     .   (no cloak)
rCorr   .          Rampage  .   (no gloves)
Will    .....                   (no boots)
Stlth   ..........              (no amulet)
HPRegen 0.15/turn               (no ring)
MPRegen 0.09/turn               (no ring)

@: lethally poisoned (-2 -> -15), attractive
A: no striking features
a: Evoke Blink


You were on level 6 of the Dungeon.
You visited 1 branch of the dungeon, and saw 4 of its levels.

You collected 41 gold pieces.

Inventory:

Hand Weapons
 a - a +0 war axe
 j - the +5 flail of Enics (weapon) {venom, +Blink}
   (You found it on level 2 of the Dungeon)

   It poisons the flesh of those it strikes.
   +Blink:    It lets you blink.
Missiles
 k - 3 boomerangs of dispersal (quivered)
Armour
 b - a +0 scale mail (worn)
 c - a +0 buckler (worn)
 h - a +0 helmet (worn)
Scrolls
 e - a scroll of acquirement {unknown}
 f - 2 scrolls of fear {unknown}
 g - 2 scrolls of identify {unknown}
 i - a scroll of noise {unknown}
Potions
 d - a potion of might
 l - a potion of mutation {unknown}
 m - a potion of flight {unknown}
 n - a potion of attraction


   Skills:
 - Level 4.0 Fighting
 + Level 5.4 Axes
 - Level 4.0 Armour
 - Level 4.0 Shields


You had 4 spell levels left.
You didn't know any spells.
Your spell library contained the following spells:

 Spells                   Type           Power      Damage    Failure   Level
 Slow                     Hex            0%         N/A       83%         1
 Confusing Touch          Hex            0%         N/A       99%         3
 Vampiric Draining        Necr           0%         2d6       99%         3


Dungeon Overview and Level Annotations

Branches:
Dungeon (3/15)

Altars:

Annotations:
D:6 Eustachio


Message History

You block the quasit's attack.
Eustachio hits you with a +1 rapier of venom!
You are poisoned.
You completely miss Eustachio.
You feel very sick. The quasit barely misses you.
The quasit claws you but does no damage.
The quasit claws you.
Eustachio gestures wildly while chanting.
The quasit barely misses you. The quasit claws you.
You feel clumsy.
The quasit claws you but does no damage.
You block Eustachio's attack.
You barely miss Eustachio.
You feel very sick. The quasit bites you.
You feel clumsy. The quasit barely misses you.
The quasit claws you but does no damage.
Eustachio hits you with a +1 rapier of venom.
* * * LOW HITPOINT WARNING * * *
You are lethally poisoned!
You block the quasit's attack.
The quasit claws you but does no damage.
The quasit closely misses you.
You closely miss Eustachio.
* * * LOW HITPOINT WARNING * * *
You feel very sick.
The quasit disappears in a puff of smoke!
The ufetubus closely misses you. The ufetubus hits you.
* * * LOW HITPOINT WARNING * * *
You block Eustachio's attack.
Unknown command.
Unknown command.
Unknown command.
Unknown command.
Unknown command.
It was a potion of attraction.
You feel attractive to monsters.
You die...

⌠#.# #.# #.#......#
#..###.#####.#......#
....##.......#......#
.##.##.......#......######
.+.......................+
.###.#.........#'##....###
# #.#.#.......#.# ....#
#.#.#.......#5# ....#
#.#.#.......#@# ....#
#.#.#.......#@# ....#
#...........#5# ....#
............#.# ....# #.#
#+#


You could see Eustachio, an iron imp (summoned) and an ufetubus (summoned).

Vanquished Creatures
  A jelly (D:6)
  An orc wizard (D:3)
  2 adders (D:2)
  A worm (D:2)
  3 dart slugs
  3 orcs (D:3)
  3 ball pythons (D:2)
  3 endoplasms
  2 giant cockroaches
  4 goblins
  3 hobgoblins
  2 jackals (D:2)
  3 quokkas
  3 bats
  3 frilled lizards
  8 kobolds
  3 rats
48 creatures vanquished.

Notes
Turn   | Place    | Note
-------+----------+-------------------------------------------
     0 | D:1      | safid the Hill Orc Fighter began the quest for the Orb.
     0 | D:1      | Reached XP level 1. HP: 19/19 MP: 1/1
    37 | D:1      | Found a faded altar of an unknown god.
   166 | D:1      | Reached skill level 3 in Axes
   166 | D:1      | Reached XP level 2. HP: 27/27 MP: 2/2
   758 | D:2      | Reached XP level 3. HP: 33/33 MP: 3/3
  1354 | D:2      | Identified the +5 flail of Enics {venom, +Blink}
  1437 | D:2      | Reached XP level 4. HP: 38/40 MP: 4/4
  2108 | D:3      | Reached skill level 4 in Axes
  2230 | D:3      | You fall into a shaft and drop 3 floors!
  2244 | D:6      | Reached skill level 5 in Axes
  2244 | D:6      | Reached XP level 5. HP: 27/46 MP: 5/5
  2422 | D:6      | Noticed Eustachio
  2440 | D:6      | HP: 1/46 [ufetubus[Eustachio] (3)]
  2441 | D:6      | Succumbed to Eustachio's poison

Illustrated notes

Levels and vault maps discovered:
D:1:      sevenhm_arrival_forest_fort_small_4, layout_rooms,
          ebering_ecumenical_altar_petrified
D:2:      layout_basic
D:3:      layout_rooms, mainiacjoe_overflow_alcove_3, okawaru_ov_weapons_minmay
D:6:      layout_basic, mainiacjoe_overflow_paths,
          gammafunk_ghost_abyssal_escape, roderic_three_in_a_row, uniq_eustachio

Skill      XL: |  1  2  3  4 |
---------------+-------------+-----
Axes           | 3 5 |  5.4
Fighting       | 4 |  4.0
Armour         | 4 |  4.0
Shields        | 4 |  4.0

Action                   |  1- 3 |  4- 6 || total
-------------------------+-------+-------++-------
Melee: War axe           |   100 |       ||   100
       Flail             |     8 |    40 ||    48
  Use: Potion            |       |     1 ||     1
Armor: Scale mail        |    44 |    38 ||    82
Dodge: Dodged            |    56 |    34 ||    90
Block: Buckler           |    27 |    16 ||    43
